 Dungeon Crawl Stone Soup version 0.28-b1-25-g9875b3fc8c (webtiles) character file.

Game seed: 4556138206920338936

67 crazypyro the Cudgeller (level 3, -1/29 HPs)
             Began as a Demonspawn Fighter on Feb 1, 2022.
             Killed by divine providence
             ... invoked by an orc priest
              (10 damage)
             ... on level 6 of the Dungeon.
             The game lasted 00:02:07 (1815 turns).

crazypyro the Cudgeller (Demonspawn Fighter)        Turns: 1815, Time: 00:02:09

Health: -1/29      AC:  4    Str: 18    XL:     3   Next: 98%
Magic:  3/3        EV:  6    Int:  9    God:
Gold:   99         SH:  4    Dex: 12    Spells: 2/2 levels left

rFire   . . .      SeeInvis .   a - +1 flail
rCold   . . .      Faith    .   c - +0 buckler
rNeg    + . .      Spirit   .   g - +0 chain mail
rPois   .          Reflect  .   (no helmet)
rElec   .          Harm     .   (no cloak)
rCorr   .          Rampage  .   (no gloves)
Will    .....                   (no boots)
Stlth   ..........              (no amulet)
HPRegen 0.09/turn               h - ring of positive energy
MPRegen 0.08/turn               (no ring)

@: mighty, corroded, mesmerised
A: hooves 1
a: no special abilities


You were on level 6 of the Dungeon.
You visited 1 branch of the dungeon, and saw 4 of its levels.

You collected 99 gold pieces.

Inventory:

Hand Weapons
 a - a +1 flail (weapon)
Armour
 b - a +0 scale mail
 c - a +0 buckler (worn)
 g - a +0 chain mail (worn)
Jewellery
 h - a ring of positive energy (left hand)
Potions
 f - a potion of berserk rage {unknown}


   Skills:
 - Level 3.0 Fighting
 * Level 3.9 Maces & Flails
 - Level 2.6 Armour
 - Level 2.6 Shields


You had 2 spell levels left.
You didn't know any spells.
Your spell library was empty.

Dungeon Overview and Level Annotations

Branches:
Dungeon (3/15)

Altars:

Annotations:
D:6 Maggie, Sigmund


Innate Abilities, Weirdness & Mutations

You have large cloven feet.


Message History

There is a stone staircase leading up here.
A sourceless malevolence fills the Dungeon...
You fall into a shaft and drop 3 floors!
The shaft crumbles and collapses.
Sigmund, a jelly and a bullfrog skeleton come into view.
Sigmund shouts!
The jelly quivers.
Found 8 gold pieces.
Sigmund casts a spell at you. You resist with significant effort.
Found a stone staircase leading down.
The jelly hits you but does no damage. The jelly hits you.
The acid corrodes you!
You are splashed with acid.
The bullfrog skeleton completely misses you.
An orc wizard comes into view. It is wielding a +0 dagger.
The orc wizard shouts!
You hear a shout!
An orc comes into view. It is wielding a +0 club.
You hear a shout!
The orc shouts!
You hear a shout!
Maggie, an orc and an orc priest come into view.
The orc priest is wielding a +0 hand axe and wearing a +2 ring mail of cold resistance.
Found a robe.
The orc wizard points at you and mumbles some strange words.
You resist with significant effort.
Maggie gestures wildly while chanting.
Maggie attempts to bespell you!
You are mesmerised by Maggie!
The bullfrog skeleton hits you.
The orc priest calls down the wrath of Beogh upon you.
Beogh smites you!
There is a stone staircase leading down here.
You cannot move away from Maggie!
You feel very mighty all of a sudden.
You block the bullfrog skeleton's attack.
It was a potion of magic.
Magic courses through your body.
Sigmund gestures wildly while chanting.
Sigmund flickers and vanishes!
Deactivating autopickup; reactivate with Ctrl-A.
The bullfrog skeleton barely misses you.
The orc priest invokes the aid of Beogh against you.
Beogh smites you!
You die...

#............#
#............#
#............#
#...$........#
#.......{....#
########.#####
#J#
####Z#####..
#...@......[
......o####....
....@.. ..
..o.o.o ......#
...... ####.#
#.


You could see Maggie (mesmerising), a jelly, an orc priest, an orc wizard, 2
orcs and a bullfrog skeleton.

Vanquished Creatures
  2 adders (D:2)
  A worm (D:2)
  A dart slug (D:1)
  5 endoplasms
  2 giant cockroaches
  3 hobgoblins
  3 jackals (D:2)
  3 quokkas
  4 ball pythons
  3 bats
  4 frilled lizards
  3 goblins
  7 kobolds
  3 rats
44 creatures vanquished.

Notes
Turn   | Place    | Note
-------+----------+-------------------------------------------
     0 | D:1      | crazypyro the Demonspawn Fighter began the quest for the
                  | Orb.
     0 | D:1      | Reached XP level 1. HP: 18/18 MP: 1/1
   250 | D:1      | Discovered your monstrous ancestry.
   250 | D:1      | Gained mutation: You have large cloven feet. [demonic
                  | ancestry]
   250 | D:1      | Reached XP level 2. HP: 23/24 MP: 2/2
   890 | D:2      | Found a faded altar of an unknown god.
  1033 | D:2      | Reached XP level 3. HP: 17/29 MP: 3/3
  1803 | D:3      | You fall into a shaft and drop 3 floors!
  1803 | D:6      | Noticed Sigmund
  1812 | D:6      | Noticed Maggie
  1815 | D:6      | Killed from afar by an orc priest

Illustrated notes

Levels and vault maps discovered:
D:1:      lightli_molten_gateway, layout_rooms, grunt_decor_resistance
D:2:      layout_basic, shapermc_ecumenical_altar_ellora
D:3:      layout_basic, nicolae_elyvilon_peaceful_grove,
          kennysheep_jessica_study
D:6:      layout_basic, kennysheep_little_box,
          mainiacjoe_overflow_cross_hatched, minmay_temple_entry_waves,
          dk_noncrumbling_2, uniq_sigmund, uniq_maggie

Skill      XL: |  1  2 |
---------------+-------+-----
Maces & Flails | 2 3 |  3.9
Fighting       | |  3.0
Armour         | |  2.6
Shields        | |  2.6

Action                   || total
-------------------------++-------
Melee: Flail             ||   110
       Kick              ||    15
  Use: Scroll            ||     4
       Potion            ||     2
Armor: Scale mail        ||     4
       Chain mail        ||    67
Dodge: Dodged            ||    51
Block: Buckler           ||    37
